 Dungeon Sprint DCSS version 0.31-a0-986-g5e6e4ef867 (webtiles) character file.

Game seed: 17704070300256725012

13265 sircluck the Brawler (level 11, -3/130 HPs)
             Began as a Troll Berserker on Nov 17, 2023.
             Was a High Priest of Trog.
             Slain by a sphinx (19 damage)
             ... in the Dungeon (Sprint II: "The Violet Keep of Menkaure").
             The game lasted 00:06:51 (1233 turns).

sircluck the Brawler (Troll Berserker)              Turns: 1233, Time: 00:06:51

Health: -3/130     AC:  6    Str: 42    XL:     11   Next: 73%
Magic:  10/10      EV: 13    Int:  3    God:    Trog [*****.]
Gold:   802        SH:  0    Dex:  9    Spells: 10/10 levels left

rFire   . .          .
                       - Unarmed
rCold   . . .        (no shield)
rNeg    . . .        w - +0 troll leather armour
rPois   .            (helmet restricted)
rElec   .            (no cloak)
rCorr   .            (gloves unavailable)
SInv    .            (boots unavailable)
Will    .....        j - amulet of Secrets {Will- Regen+ Str+5}
Stlth   +            i - +6 ring of strength
HPRegen 2.81/turn    (no ring)
MPRegen 0.12/turn

%: no teleportation
@: on berserk cooldown, slowed, very slow
A: large, unfitting armour, claws 3, regeneration 1, shaggy fur 1, tough skin 1
a: Renounce Religion, Berserk, Trog's Hand, Brothers in Arms


You were in the Dungeon.
You worshipped Trog.
Trog was extremely pleased with you.
You visited 1 branch You collected 2348 gold pieces.
You spent 1546 gold pieces at shops.

Inventory:

Missiles
 n - 6 javelins
 s - 7 stones
 t - a throwing net
 v - 2 boomerangs
Armour
 w - a +0 troll leather armour (worn)
Jewellery
 h - a ring of ice
 i - a +6 ring of strength (left claw)
 j - the amulet of Secrets (around neck) {Will- Regen+ Str+5}
   (You bought it in a shop in the Dungeon)

   [amulet of regeneration]

   Str+5:     It affects your strength (+5).
   Will-:     It decreases your willpower.
   Regen+:    It increases your rate of health regeneration.
 m - a ring of protection from fire
Scrolls
 g - a scroll of blinking
 k - a scroll of amnesia
 o - a scroll of fear
 p - a scroll of brand weapon
 q - a scroll of enchant weapon
 u - a scroll of fog
Potions
 b - 3 potions of curing
 c - 2 potions of heal wounds
 d - a potion of haste
 e - 5 potions of magic
 f - a potion of berserk rage
 l - 6 potions of enlightenment
 r - 2 potions of resistance


   Skills:
 + Level 14.0 Fighting
 + Level 9.4 Armour
 + Level 13.9 Dodging
 + Level 16.3 Unarmed Combat


You had 10 spell levels left.
You didn't know any spells.
Your spell library was empty.

Dungeon Overview and Level Annotations

Branches:
Dungeon (1/1)

Altars:
Cheibriados
Dithmenos
Elyvilon
Fedhas
Gozag
Hepliaklqana
Kikubaaqudgha
Makhleb
Nemelex Xobeh
Okawaru
Qazlal
Ru
Sif Muna
Trog
Uskayaw
Vehumet
Wu Jian
Xom
Yredelemnul
Zin
The Shining One
Jiyva
Lugonu

Shops:
D ([::*?=(?[[?[*:!!!=?([:[!(=**[:

Annotations:
D exclusions: ice statue and oklob plant, Sonja


Innate Abilities, Weirdness & Mutations

You are too large for most types of armour.
You have claws for hands.
Your natural rate of healing is unusually fast.
You are covered in fur. (AC +1)
You have tough skin. (AC +1)


Message History

The sphinx is moderately wounded.
The sphinx attacks as it pursues you! The sphinx hits you!!
The sphinx misses you. The sphinx closely misses you. The sphinx hits you!!
The sphinx barely misses you. The sphinx hits you.
* * * LOW HITPOINT WARNING * * *
You're too confused to move!
You feel a strong urge to attack something.
You are no longer berserk.
You are exhausted.
You feel as though you will be slow longer.
The sphinx hits you!
* * * LOW HITPOINT WARNING * * *
The sphinx hits you but does no damage. x2
You barely miss the sphinx.
The sphinx is moderately wounded.
The sphinx hits you!
* * * LOW HITPOINT WARNING * * *
The sphinx hits you.
* * * LOW HITPOINT WARNING * * *
The sphinx hits you but does no damage.
Unknown command.
Unknown command.
Unknown command.
You feel much better.
You feel less confused. The sphinx closely misses you. The sphinx hits you.
* * * LOW HITPOINT WARNING * * *
The sphinx hits you!
* * * LOW HITPOINT WARNING * * *
The sphinx hits you!!
* * * LOW HITPOINT WARNING * * *
The sphinx closely misses you. The sphinx barely misses you.
Unknown command.
Unknown command.
Unknown command.
Unknown command.
You mangle the sphinx!! You claw the sphinx!
The sphinx is severely wounded.
The sphinx hits you!!
You die...

#†.#▓...[..:)▓▓$⌠.▓.*,*~,,~*,*
##)#▓.[..[...▓▓$..▓^*,*~,,~*,*
..##▓▓▓▓▓▓▓'▓▓▓▓+▓*,***~,,~***
~~~~~÷~~§~~...≈≈≈▓,,,,,,,,**
+########'###.≈≈≈▓,,,,,,,**
....._._#~§§##≈≈≈▓,,,,,,**
...._._.#§~§≈####▓▓**▓~**
..._._._#~~~§≈##..#,$▓~*
.._._._.#~~~≈≈≈#@H#$.▓~*
._._._._#~~~~§§'§)§$$▓~*
_._._._.#§~~~≈~#[†#$.▓~*
._._._..#~~§≈≈≈▓..#,$▓~*
.._._._.#~≈§§▓▓▓▓▓▓**▓~*
#########~≈§≈▓zzz≈~~~~~*
~~~~~~~~~≈≈§≈▓zzz≈~~~~~*
~########≈▓▓▓▓▓▓▓▓*~~~~*
~#,,,,,,#▓▓~~~~~~~**~~~*


You could see a sphinx.

Vanquished Creatures
  A kraken (D)
  A sphinx (D)
  A yaktaur captain (D)
  A centaur warrior (D)
  2 boulder beetles (D)
  2 deep trolls (D)
  A manticore (D)
  A kobold demonologist (D)
  A yaktaur (D)
  A hornet (D)
  2 polar bears (D)
  4 wyverns (D)
  2 yaks (D)
  Menkaure (D)
  5 water moccasins (D)
  5 necrophages (D)
  4 scorpions (D)
  An iron imp (D)
  A hell rat (D)
  5 tentacles (D)
42 creatures vanquished.

Vanquished Creatures (collateral kills)
  Kirke (D)
  A fire dragon (D)
  A skeletal warrior (D)
  A slime creature (D)
  2 manticores (D)
  An elephant (D)
  A polar bear (D)
  A yak (D)
9 creatures vanquished.

Vanquished Creatures (others)
  9 tentacles (D)
9 creatures vanquished.

Grand Total: 60 creatures vanquished

Notes
Turn   | Place    | Note
-------+----------+-------------------------------------------
     0 | D        | sircluck the Troll Berserker began the quest for the Orb.
     0 | D        | Reached XP level 1. HP: 22/22 MP: 0/0
     1 | D        | Noticed a boulder beetle
     1 | D        | Noticed a boulder beetle
     5 | D        | Noticed a scorpion
     5 | D        | Noticed a scorpion
     5 | D        | Noticed Menkaure
     6 | D        | Noticed a scorpion
     6 | D        | Noticed a scorpion
     8 | D        | Killed a scorpion
     9 | D        | Reached skill level 5 in Unarmed Combat
     9 | D        | Reached XP level 2. HP: 33/33 MP: 1/1
     9 | D        | Reached XP level 3. HP: 40/40 MP: 2/2
    12 | D        | Killed a scorpion
    13 | D        | Reached skill level 5 in Fighting
    13 | D        | Reached skill level 5 in Dodging
    13 | D        | Reached skill level 6 in Unarmed Combat
    13 | D        | Reached XP level 4. HP: 50/50 MP: 3/3
    13 | D        | Killed a scorpion
    13 | D        | Reached ** piety under Trog
    14 | D        | Reached XP level 5. HP: 59/59 MP: 4/4
    18 | D        | Reached skill level 7 in Unarmed Combat
    19 | D        | Killed Menkaure
    20 | D        | Reached skill level 8 in Unarmed Combat
    20 | D        | Reached XP level 6. HP: 53/68 MP: 5/5
    25 | D        | Noticed a water moccasin
    29 | D        | Killed a water moccasin
    29 | D        | Reached *** piety under Trog
    39 | D        | Noticed a water moccasin
    43 | D        | Killed a water moccasin
    44 | D        | Reached skill level 9 in Unarmed Combat
    51 | D        | Found Kokkyx's Jewellery Boutique.
    52 | D        | Found Nuriaf's Antique Armour Shop.
    52 | D        | Found Ucwopn's Book Boutique.
    52 | D        | Found Duaguiph's Antique Armour Shop.
    53 | D        | Found Suret's Distillery.
    53 | D        | Found Gohaunee's Distillery.
    53 | D        | Found Zuimerer's Distillery.
    54 | D        | Found Abranuve's Antique Armour Shop.
    54 | D        | Found Kiufeesk's Magic Scroll Boutique.
    54 | D        | Found Miskoek's Armour Boutique.
    58 | D        | Found Jeowelip's Jewellery Shop.
    62 | D        | Noticed a shining eye
    62 | D        | Noticed a shining eye
    69 | D        | Found Lapoj's Antique Weapon Boutique.
    69 | D        | Found Zucs's Jewellery Shop.
    69 | D        | Noticed a shining eye
    69 | D        | Noticed an oklob plant
    70 | D        | Found Kuemogox's Book Shoppe.
    70 | D        | Found Xelar's Book Boutique.
    72 | D        | Noticed a death yak
   104 | D        | Noticed a wyvern
   104 | D        | Noticed a wyvern
   111 | D        | Killed a wyvern
   112 | D        | Reached XP level 7. HP: 9/80 MP: 6/6
   114 | D        | Killed a wyvern
   115 | D        | Reached skill level 10 in Unarmed Combat
   201 | D        | Killed a boulder beetle
   202 | D        | Reached skill level 11 in Unarmed Combat
   202 | D        | Reached XP level 8. HP: 72/92 MP: 7/7
   210 | D        | Killed a boulder beetle
   210 | D        | Reached **** piety under Trog
   211 | D        | Reached skill level 10 in Fighting
   211 | D        | Reached skill level 10 in Dodging
   211 | D        | Reached skill level 12 in Unarmed Combat
   261 | D        | Reached XP level 9. HP: 94/102 MP: 8/8
   270 | D        | Reached ***** piety under Trog
   315 | D        | Bought a +6 ring of strength for 432 gold pieces
   315 | D        | Bought the amulet of Secrets {Will- Regen+ Str+5} for 519
                  | gold pieces
   355 | D        | Noticed an elephant
   355 | D        | Noticed a centaur warrior
   355 | D        | Noticed Kirke
   355 | D        | Noticed a skeletal warrior
   355 | D        | Noticed a yaktaur captain
   355 | D        | Noticed a kobold demonologist
   360 | D        | Killed Kirke
   361 | D        | Reached skill level 13 in Unarmed Combat
   361 | D        | Noticed a fire dragon
   364 | D        | Killed a yaktaur captain
   369 | D        | Killed a fire dragon
   370 | D        | Reached skill level 5 in Armour
   370 | D        | Reached XP level 10. HP: 49/115 MP: 9/9
   374 | D        | Killed an elephant
   376 | D        | Killed a skeletal warrior
   377 | D        | Reached skill level 14 in Unarmed Combat
   379 | D        | Killed a centaur warrior
   439 | D        | Received a gift from Trog
   458 | D        | Noticed a manticore
   458 | D        | Noticed a manticore
   458 | D        | Noticed a manticore
   461 | D        | Killed a manticore
   461 | D        | Killed a manticore
   463 | D        | Killed a manticore
   464 | D        | Reached XP level 11. HP: 117/126 MP: 10/10
   468 | D        | Reached skill level 15 in Unarmed Combat
   494 | D        | Found Uchewuepn's Antique Weapon Emporium.
   494 | D        | Found Gem Pukh's General Store.
   494 | D        | Found Otsecs's Antique Armour Shop.
   494 | D        | Found Copt's Magic Scroll Shoppe.
   494 | D        | Found Wuto's Antique Armour Boutique.
   495 | D        | Found Wuhak's Magic Scroll Shoppe.
   495 | D        | Found Wuekalou's Assorted Antiques.
   495 | D        | Found Caele's Magic Scroll Emporium.
   495 | D        | Found Fummob's Distillery.
   495 | D        | Found Uhiriaw's Book Emporium.
   495 | D        | Found Dusarch's Weapon Shop.
   495 | D        | Found Heif's Antique Weapon Shoppe.
   507 | D        | Bought a scroll of acquirement for 520 gold pieces
   508 | D        | Acquired 344 gold pieces
   513 | D        | Bought a scroll of revelation for 75 gold pieces
   534 | D        | Found Lucwaabb's Assorted Antiques.
   534 | D        | Found Pufuin's Armour Shop.
   534 | D        | Found Ikyrim's General Store.
   534 | D        | Found Wabluoho's Book Boutique.
   534 | D        | Noticed a golden dragon
   535 | D        | Noticed a cacodemon
   694 | D        | Found a snail-covered altar of Cheibriados.
   695 | D        | Found a shadowy altar of Dithmenos.
   695 | D        | Found a viscous altar of Jiyva.
   696 | D        | Found a white marble altar of Elyvilon.
   696 | D        | Found an ancient bone altar of Kikubaaqudgha.
   697 | D        | Found a blossoming altar of Fedhas.
   697 | D        | Found a corrupted altar of Lugonu.
   697 | D        | Found a shimmering blue altar of Sif Muna.
   698 | D        | Found an opulent altar of Gozag.
   698 | D        | Found a burning altar of Makhleb.
   698 | D        | Found a bloodstained altar of Trog.
   699 | D        | Found a sparkling altar of Nemelex Xobeh.
   699 | D        | Found a hide-covered altar of Uskayaw.
   700 | D        | Found an iron altar of Okawaru.
   700 | D        | Found a radiant altar of Vehumet.
   700 | D        | Found a glowing silver altar of Zin.
   780 | D        | Found a basalt altar of Yredelemnul.
   786 | D        | Noticed a kraken
   839 | D        | Killed a kraken
   978 | D        | Noticed a lorocyproca
   978 | D        | Noticed a quicksilver dragon
   978 | D        | Noticed a quicksilver dragon
   978 | D        | Noticed a purple draconian shifter
   978 | D        | Noticed a hellephant
   978 | D        | Noticed a glowing orange brain
   978 | D        | Noticed Sonja
  1031 | D        | Found a shimmering altar of Xom.
  1031 | D        | Found a sacrificial altar of Ru.
  1032 | D        | Found a glowing golden altar of the Shining One.
  1032 | D        | Found an ornate altar of the Wu Jian Council.
  1032 | D        | Found a stormy altar of Qazlal.
  1041 | D        | Found a hazy altar of Hepliaklqana.
  1068 | D        | Noticed a deep troll
  1068 | D        | Noticed a deep troll
  1071 | D        | Killed a deep troll
  1072 | D        | Reached skill level 16 in Unarmed Combat
  1079 | D        | Killed a deep troll
  1215 | D        | Noticed a sphinx
  1215 | D        | Noticed a sphinx
  1215 | D        | Paralysed by a sphinx for 4 turns
  1224 | D        | Killed a sphinx
  1224 | D        | Received a gift from Trog
  1231 | D        | HP: 6/130 [sphinx (5)]
  1233 | D        | Slain by a sphinx

Illustrated notes

Levels and vault maps discovered:
D:        the_violet_keep_of_menkaure [sprint2_stairs_cluster_1,
          sprint2_shoproom, sprint2_temple, sprint2_basic_supplies,
          sprint2_obstacle_1, sprint2_obstacle_2, sprint2_obstacle_7,
          sprint2_obstacle_5, sprint2_obstacle_4, sprint2_timed_cluster_1,
          sprint2_smallroom_cluster_1, sprint2_smallroom_final_cluster_1,
          sprint2_transparent_cluster_1, sprint2_second_timed_cluster_1,
          sprint2_sniper_area_1, sprint2_heavy_combat_area_1,
          sprint2_mutation_trap_area_1, sprint2_forest_area_1,
          sprint2_light_combat_area_1, sprint2_behind_water_1,
          sprint2_near_end_vault_1]

Skill      XL: |  1  2  3  4  5  6  7  8  9 10 11 |
---------------+----------------------------------+-----
Fighting       | 4 5 6 8 9 10 11 12 14 | 14.0
Dodging        | 4 5 6 8 9 10 11 12 13 | 13.9
Unarmed Combat | 5 6 8 9 11 12 13 14 16 | 16.3
Armour         | 5 7 9 |  9.4

Action                     |  1- 3 |  4- 6 |  7- 9 | 10-12 || total
---------------------------+-------+-------+-------+-------++-------
  Melee: Unarmed           |     5 |    15 |    42 |    70 ||   132
         Punch             |       |       |     4 |     4 ||     8
 Invoke: Berserk           |     1 |     1 |     1 |     3 ||     6
         Brothers in Arms  |       |       |     2 |     3 ||     5
    Use: Scroll            |       |       |       |     9 ||     9
         Potion            |       |       |       |     3 ||     3
   Stab: Distracted        |       |       |       |     1 ||     1
 Armour: Animal skin       |     1 |    12 |    19 |    49 ||    81
         Troll leather arm |       |       |       |    35 ||    35
  Dodge: Dodged            |     4 |     7 |    13 |    47 ||    71

Table legend: (Time is in decaauts)
 A = Elapsed time spent in this place.
 B = Non-inter-level travel time spent in this place.
 C = Inter-level travel time spent in this place.
 D = Time resting spent in this place.
 E = Time spent auto-exploring this place.
 F = Levels seen in this place.
 G = Mean time per level.
                   A        B        C        D        E       F      G
               +--------+--------+--------+--------+--------+-----+--------+
         Total |   1253 |   1218 |     35 |    414 |     36 |   1 | 1253.0 |
       Dungeon |   1253 |   1218 |     35 |    414 |     36 |   1 | 1253.0 |
               +--------+--------+--------+--------+--------+-----+--------+

Top non-repeatable levels by time:
       D: 1253 daAuts
